 Dungeon Crawl Stone Soup version 0.26.1-11-gd32895ea62 (webtiles) character file.

Game seed: 3984057804118062963

3460 promet the Covert (level 10, -3/66 HPs)
             Began as an Octopode Brigand on May 26, 2021.
             Was an Initiate of Dithmenos.
             Slain by a sky beast (6 damage)
             ... on level 8 of the Dungeon.
             The game lasted 01:13:36 (11118 turns).

promet the Covert (Octopode Brigand)               Turns: 11118, Time: 01:13:36

Health: -3/66      AC:  1    Str: 10    XL:     10   Next: 6%
Magic:  20/20      EV: 12    Int: 16    God:    Dithmenos [......]
Gold:   415        SH:  7    Dex: 15    Spells: 7/10 levels left

rFire    x . .     SeeInvis .   a - +3 dagger
rCold    + . .     Faith    .   j - +0 kite shield
rNeg     . . .     Spirit   .   (helmet restricted)
rPois    .         Reflect  .   l - amulet of magic regeneration
rElec    .         Harm     .   h - ring of ice
rCorr    .         Rampage  .   m - ring of magical power
Will     .....                  (no ring)
Stlth    ++++++....             (no ring)
HPRegen  0.21/turn              (no ring)
MPRegen  0.42/turn              (no ring)
                                (no ring)
                                (no ring)

@: mighty
A: almost no armour, stealthy swim, amphibious, 8 rings, constrict 8, camouflage
1, gelatinous body 1
a: Renounce Religion


You were on level 8 of the Dungeon.
You worshipped Dithmenos.
Dithmenos was noncommittal.
You visited 2 branches of the dungeon, and saw 9 of its levels.

You collected 415 gold pieces.

Inventory:

Hand Weapons
 a - a +3 dagger (weapon)
 b - a +0 hunting sling
 n - a +1 vampiric halberd
 w - a +0 vorpal hand axe
 D - a +0 shortbow
Missiles
 c - 4 curare-tipped darts
 e - 115 arrows
 f - 327 stones
 i - 64 bolts
 p - 3 boomerangs (quivered)
 q - 8 poisoned darts
 v - 3 throwing nets
Armour
 j - a +0 kite shield (worn)
Magical Staves
 A - an uncursed staff of cold
Jewellery
 h - a ring of ice (left tentacle)
 l - an amulet of magic regeneration (around mantle)
 m - a ring of magical power (right tentacle)
Wands
 C - a wand of disintegration (12)
Scrolls
 r - 7 scrolls of remove curse
 x - a scroll of teleportation
 E - a scroll of amnesia
 F - a scroll of identify
Potions
 d - 2 potions of attraction
 g - 2 potions of brilliance
 k - 3 potions of curing
 o - 3 potions of mutation {unknown}
 s - a potion of lignification
 t - a potion of flight
 u - a potion of heal wounds {unknown}
 z - a potion of invisibility
 B - a potion of degeneration {unknown}
 G - a potion of might


   Skills:
 + Level 5.0 Fighting
 + Level 5.3 Short Blades
 + Level 4.7 Polearms
 + Level 0.1(2.9) Staves
 + Level 2.5(3.8) Slings
 + Level 0.3 Bows
 + Level 4.3(4.6) Throwing
 + Level 3.5 Dodging
 * Level 13.1 Stealth
 + Level 1.8 Shields
 + Level 0.8 Spellcasting
 + Level 1.0 Transmutations


You had 7 spell levels left.
You knew the following spells:

 Your Spells              Type           Power        Failure   Level
a - Beastly Appendage     Tmut           6%           63%         1
b - Wereblood             Tmut           3%           77%         2

Your spell library contained the following spells:

 Spells                   Type           Power        Failure   Level
 Spider Form              Tmut/Pois      1%           97%         3
 Ice Form                 Ice/Tmut       3%           100%        4
 Blade Hands              Tmut           1%           100%        5


Dungeon Overview and Level Annotations

Branches:
Dungeon (8/15)             Temple (1/1) D:5
   Lair: D:8-11

Altars:
Ashenzari
Cheibriados
Dithmenos
Elyvilon
Fedhas
Gozag
Hepliaklqana
Kikubaaqudgha
Makhleb
Nemelex Xobeh
Okawaru
Qazlal
Ru
Sif Muna
Trog
Uskayaw
Vehumet
Wu Jian
Xom
Yredelemnul
Zin
The Shining One

Shops:
D:6 (

Annotations:
D:5 1 runed translucent door, TheGreatAnchovy's ghost, novice OpBr


Innate Abilities, Weirdness & Mutations

You cannot wear most types of armour.
You are very stealthy in the water. (Stealth+)
You are amphibious.
You can wear up to eight rings at the same time.
You can use your tentacles to constrict eight enemies at once.
Your skin changes colour to match your surroundings (Stealth+).
Your rubbery body absorbs attacks. (AC +1, EV +1)


Message History

You hit the sky beast but do no damage. Your squeeze misses the sky beast.
The sky beast is lightly wounded.
You block the sky beast's attack.
You closely miss the sky beast.
The sky beast is lightly wounded.
The sky beast hits you. The sky beast shocks you.
* * * LOW HITPOINT WARNING * * *
You hit the sky beast.
The sky beast is lightly wounded.
You feel very mighty all of a sudden.
The sky beast flickers out of sight!
Deactivating autopickup; reactivate with Ctrl-A.
Something hits you.
* * * LOW HITPOINT WARNING * * *
Something shocks you.
* * * LOW HITPOINT WARNING * * *
You hit something. Something hits you.
* * * LOW HITPOINT WARNING * * *
Something shocks you.
You die...

#.####.................#........#
#.# #.....#######......#.........
#.###.#.........###)..##.........
#.....#.......#.###....##.###....
#.....#.......#...........# #....
......#.#.#...######..W######....
#...#.#...#...# ##.........###.##
#..<.........####..###'###..##..#
#....(###..#####@.##.....##..##.#
......# #......{.##....)..##.....
###.#.# #.###+####...#.#...######
......# #.# ##.##....#.#....#....
###.### #.# #.#.#...##.##...#.⌠.⌠
#.## #.# #.#.+...#.._#)..'..8.
#..# #.# #.#.#...#.###...#.⌠.⌠
##.####.# .####..###..##..#....
####..##..# # ##.#....⌠#.####W#


You could see a shadow.

Vanquished Creatures
  A cyclops (D:8)
  Maggie (D:8)
  Grinder (D:6)
  2 yaks (D:8)
  2 water moccasins
  4 ice beasts
  2 sky beasts (D:5)
  An orc warrior (D:7)
  A phantom (D:8)
  3 ogres
  2 centaurs (D:7)
  A water moccasin zombie (D:7)
  A water moccasin skeleton (D:8)
  A scorpion (D:5)
  A howler monkey (D:6)
  A bullfrog zombie (D:5)
  2 centaur skeletons
  4 hounds
  A bullfrog skeleton (D:8)
  A jelly (D:8)
  An iguana (D:5)
  Jessica (D:2)
  3 orc wizards
  5 worker ants
  A hound zombie (D:6)
  A hound skeleton (D:4)
  5 gnolls
  2 howler monkey skeletons
  7 adders
  A white imp (D:8)
  2 oozes (D:4)
  A worm (D:4)
  3 dart slugs
  5 leopard geckos
  10 orcs
  2 giant cockroaches
  6 goblins
  7 hobgoblins
  11 jackals
  5 quokkas
  4 ball pythons
  10 bats
  6 frilled lizards
  8 kobolds
  A leopard gecko skeleton (D:8)
  A quokka skeleton (D:4)
  4 rats
146 creatures vanquished.

Vanquished Creatures (others)
  A plant (D:6)
1 creature vanquished.

Grand Total: 147 creatures vanquished

Notes
Turn   | Place    | Note
-------+----------+-------------------------------------------
     0 | D:1      | promet the Octopode Brigand began the quest for the Orb.
     0 | D:1      | Reached XP level 1. HP: 14/14 MP: 1/1
   332 | D:1      | Reached XP level 2. HP: 12/19 MP: 2/2
   481 | D:1      | Reached skill level 6 in Stealth
  1014 | D:1      | Reached XP level 3. HP: 14/24 MP: 3/3
  1387 | D:2      | Reached skill level 7 in Stealth
  1451 | D:2      | Reached XP level 4. HP: 29/29 MP: 4/4
  1613 | D:2      | Noticed Jessica
  1620 | D:2      | Killed Jessica
  2082 | D:3      | Reached XP level 5. HP: 34/34 MP: 5/5
  2388 | D:2      | Reached skill level 8 in Stealth
  3184 | D:4      | Reached XP level 6. HP: 38/41 MP: 6/6
  3482 | D:4      | Found a white marble altar of Elyvilon.
  3792 | D:4      | Found an opulent altar of Gozag.
  3893 | D:5      | Entered Level 5 of the Dungeon
  3906 | D:5      | Noticed an ice beast
  3910 | D:5      | Killed an ice beast
  3919 | D:5      | Reached skill level 9 in Stealth
  4270 | D:5      | Noticed an ice beast
  4275 | D:5      | Killed an ice beast
  4276 | D:5      | Reached skill level 1 in Slings
  4276 | D:5      | Reached XP level 7. HP: 45/45 MP: 7/7
  4507 | D:5      | Reached skill level 10 in Stealth
  4507 | D:5      | Reached skill level 1 in Shields
  4759 | D:5      | Found a staircase to the Ecumenical Temple.
  4789 | Temple   | Entered the Ecumenical Temple
  4936 | Temple   | Became a worshipper of Dithmenos the Shadowed
  5084 | D:5      | Found a runed translucent door.
  5085 | D:5      | Noticed TheGreatAnchovy's ghost (novice OpBr)
  5476 | D:5      | Reached XP level 8. HP: 24/52 MP: 8/8
  5956 | D:6      | Found Puclacva's Hydra Hut.
  5958 | D:6      | Noticed a five-headed hydra
  6061 | D:6      | Reached skill level 11 in Stealth
  6351 | D:6      | Noticed Grinder
  6364 | D:6      | Killed Grinder
  6365 | D:6      | Reached skill level 1 in Polearms
  7371 | D:7      | Found an ornate altar of the Wu Jian Council.
  7833 | D:7      | Learned a level 1 spell: Beastly Appendage
  8139 | D:7      | Reached XP level 9. HP: 58/58 MP: 9/9
  8580 | D:7      | HP: 2/58 [centaur/arrow (11)]
  8959 | D:7      | Reached skill level 12 in Stealth
  9897 | D:8      | Reached skill level 5 in Short Blades
 10255 | D:8      | Noticed a cyclops
 10262 | D:8      | Killed a cyclops
 10279 | D:8      | Noticed Maggie
 10286 | D:8      | Killed Maggie
 10763 | D:8      | Reached skill level 5 in Fighting
 10763 | D:8      | Reached skill level 1 in Transmutations
 10871 | D:8      | Found a radiant altar of Vehumet.
 10879 | D:8      | Reached skill level 13 in Stealth
 10879 | D:8      | Reached XP level 10. HP: 66/66 MP: 11/11
 10883 | D:8      | Learned a level 2 spell: Wereblood
 10975 | D:8      | Found a hazy altar of Hepliaklqana.
 10982 | D:8      | Noticed a gargoyle
 11118 | D:8      | HP: 3/66 [something (3)]
 11118 | D:8      | Slain by a sky beast

Illustrated notes

Levels and vault maps discovered:
D:1:      eino_arrival_cavern_a, layout_rooms
D:2:      layout_loops_cross, chequers_serial_rivers_room_b, uniq_jessica
D:3:      layout_basic
D:4:      layout_basic, elyvilon_altar_1, palyth_stone_intersect,
          nicolae_gozag_cash_rules_everything_around_me
D:5:      layout_basic, minmay_temple_entry_glass,
          ebering_ghost_reflecting_pool, kennysheep_cross_room, minivault_25
D:6:      layout_cave_pods, doesnt_shop_hydraphobe, uniq_grinder
D:7:      layout_cave_pods, basic_altar
D:8:      minmay_the_grid_octo_tiled_squarecenter [minmay_the_grid_octo_77,
          minmay_the_grid_octo_pinwheel, minmay_the_grid_octo_vomiting_pacman,
          minmay_the_grid_octo_odd_swirl,
          minmay_the_grid_square_5x5_megaprize_open,
          minmay_the_grid_square_5x5_shrine1, minmay_the_grid_square_5x5_c,
          minmay_the_grid_square_5x5_meh, minmay_the_grid_square_5x5_two_small],
          layout_basic, uniq_joseph, uniq_maggie
Temple:   kilobyte_greek_temple

Skill      XL: |  1  2  3  4  5  6  7  8  9 |
---------------+----------------------------+-----
Stealth        | 6 7 8 9 10 11 13 | 13.1
Short Blades   | 3 4 5 |  5.3
Dodging        | 2 3 |  3.5
Slings         | 1 2 |  2.5
Fighting       | 3 4 5 |  5.0
Shields        | 1 |  1.8
Polearms       | 1 4 |  4.7
Throwing       | 4 |  4.3
Transmutations | 1 |  1.0
Staves         | |  0.1
Bows           | |  0.3
Spellcasting   | |  0.8

Action                   |  1- 3 |  4- 6 |  7- 9 | 10-12 || total
-------------------------+-------+-------+-------+-------++-------
Melee: Dagger            |    62 |   100 |   123 |    16 ||   301
       Constrict         |    14 |    24 |    26 |       ||    64
       Tentacles         |     1 |    15 |    36 |     1 ||    53
       Halberd           |       |       |    56 |       ||    56
       Staff             |       |       |     7 |       ||     7
       Kick              |       |       |     1 |       ||     1
 Fire: Hunting sling     |       |    15 |    18 |       ||    33
       Shortbow          |       |       |     6 |       ||     6
Throw: Boomerang         |       |     2 |     4 |     1 ||     7
       Dart              |       |     2 |    42 |       ||    44
       Stone             |       |       |     1 |       ||     1
 Cast: Beastly Appendage |       |       |     2 |       ||     2
  Use: Scroll            |     5 |     5 |     6 |     1 ||    17
       Potion            |       |     3 |     1 |     1 ||     5
 Stab: Sleeping          |    12 |    13 |    17 |     2 ||    44
Armor: Skin              |     3 |    10 |     2 |     2 ||    17
Dodge: Dodged            |    29 |    41 |    89 |     3 ||   162
Block: Kite shield       |     3 |    33 |    15 |     3 ||    54
